 Dungeon Crawl Stone Soup version 0.29.1-13-g9f3cf754e1 (webtiles) character file.

Game seed: 15033530624333385760

43 protoss039 the Digger (level 3, 26/26 HPs)
             Began as a Demonspawn Earth Elementalist on Feb 9, 2023.
             Got out of the dungeon alive.
             The game lasted 00:01:50 (2093 turns).

protoss039 the Digger (DsEE)                        Turns: 2093, Time: 00:01:51

Health: 26/26      AC:  4    Str: 11    XL:     3   Next: 37%
Magic:  6/6        EV: 12    Int: 24    God:
Gold:   92         SH:  0    Dex: 15    Spells: 6/7 levels left

rFire   . . .      SeeInvis .   c - +0 short sword
rCold   . . .      Faith    .   (no shield)
rNeg    . . .      Spirit   .   a - +0 robe
rPois   .          Reflect  .   (no helmet)
rElec   .          Harm     .   (no cloak)
rCorr   .          Rampage  .   j - +1 pair of gloves {Str+3}
Will    .....                   (no boots)
Stlth   +++.......              (no amulet)
HPRegen 0.08/turn               i - +6 ring of intelligence
MPRegen 0.10/turn               (no ring)

@: no status effects
A: thin skeletal structure 1, foul stench 1
a: no special abilities


You escaped.
You visited 1 branch of the dungeon, and saw 2 of its levels.

You collected 92 gold pieces.

Inventory:

Hand Weapons
 c - a +0 short sword (weapon)
Armour
 a - a +0 robe (worn)
 j - a +1 pair of gloves of strength (worn)
Jewellery
 i - a +6 ring of intelligence (left hand)
 k - an amulet of regeneration
Scrolls
 f - a scroll of magic mapping {unknown}
 g - a scroll of vulnerability {unknown}
 h - 3 scrolls of identify {unknown}
 l - a scroll of teleportation {unknown}
Potions
 b - a potion of magic
 d - a potion of attraction {unknown}
 e - 2 potions of curing {unknown}
 m - a potion of resistance {unknown}
 n - a potion of heal wounds {unknown}


   Skills:
 + Level 1.3 Fighting
 - Level 2.0 Dodging
 - Level 2.0 Stealth
 + Level 2.5 Spellcasting
 - Level 1.0 Transmutations
 + Level 3.1 Earth Magic


You had 6 spell levels left.
You knew the following spells:

 Your Spells              Type           Power      Damage    Failure   Level
a - Sandblast             Erth           36%        2d10      3%          1

Your spell library contained the following spells:

 Spells                   Type           Power      Damage    Failure   Level
 Passwall                 Tmut/Erth      10%        N/A       8%          2
 Stone Arrow              Conj/Erth      20%        3d8       19%         3
 Petrify                  Tmut/Erth      12%        N/A       43%         4


Dungeon Overview and Level Annotations

Branches:
Dungeon (2/15) Zot: 9890

Altars:


Innate Abilities, Weirdness & Mutations

You have a somewhat thin skeletal structure. (Dex +2, Stealth+)
You may rarely emit foul miasma when damaged in melee.


Message History

No target in view!
A goblin comes into view. It is wielding a +0 dagger.
Found 6 gold pieces.
A goblin is nearby!
A goblin is nearby!
The helpless goblin fails to defend itself.
You hit the goblin.
You kill the goblin!
You see here 6 boomerangs.
You now have 92 gold pieces (gained 6).
e - 2 fuming grey potions (gained 1)
You open the door.
There is an open door here.
There is an open door here.
Things that are here:
a +0 whip; 4 stones You see here a +0 club.
Key pressed, stopping explore.
No target in view!
Things that are here:
a +0 dagger; a goblin skeleton Done exploring.
Done exploring.
No target in view!
Done exploring.
No target in view!
Done exploring.
No target in view!
Done exploring.
Search for what [? for help]? .
Done exploring.
You see here a +0 dagger.
You see here a +0 club.
Things that are here:
a +0 whip; 4 stones You enter the shallow water.
Moving in this stuff is going to be slow.
There is a staircase leading out of the dungeon here.
Are you sure you want to leave the Dungeon?
This will make you lose the game!
You have escaped!

#....#.#..)......# #.##.#.#
#........#######.## ####...###
###.###....####...####.......##
#..###.....#..~..#.....#....##
##...##8..~....~....~..8#...#.##
#..)..##...~..~~~..~...##.......
##...##.....~~~~~~~.....###.####
#..##....~~~~...~~~~....####
#.###..~~~~~..@..~~~~~..# ##.#
#....~~~~...~~~~....# #..#
##.....~~~~~~~.....## #.##
##...~..~~~..~...## #.#
#8..~....~....~..8# #.#
##....(#..~..#.....## ##.##
#.(..####...####....# ##
#...###..#######.#######..# #.
..>...............##.#
#########.


There were no monsters in sight!

Vanquished Creatures
  A worm (D:2)
  2 dart slugs
  2 ball pythons (D:1)
  A bat (D:1)
  5 endoplasms (D:1)
  2 giant cockroaches (D:2)
  6 goblins
  2 hobgoblins
  5 kobolds (D:1)
  A quokka (D:1)
  A frilled lizard (D:1)
  2 rats (D:2)
30 creatures vanquished.

Vanquished Creatures (others)
  A fungus (D:2)
1 creature vanquished.

Grand Total: 31 creatures vanquished

Notes
Turn   | Place    | Note
-------+----------+-------------------------------------------
     0 | D:1      | protoss039 the Demonspawn Earth Elementalist began the
                  | quest for the Orb.
     0 | D:1      | Reached XP level 1. HP: 13/13 MP: 3/3
    39 | D:1      | Reached skill level 1 in Transmutations
   324 | D:1      | Gained mutation: You have a somewhat thin skeletal
                  | structure. (Dex +2, Stealth+) [demonic ancestry]
   324 | D:1      | Reached XP level 2. HP: 17/20 MP: 3/5
   493 | D:1      | You fall into a shaft and drop 1 floor!
  1091 | D:2      | Reached skill level 1 in Fighting
  1104 | D:1      | Reached skill level 3 in Earth Magic
  1196 | D:1      | Gained mutation: You may rarely emit foul miasma when
                  | damaged in melee. [demonic ancestry]
  1196 | D:1      | Reached XP level 3. HP: 23/26 MP: 6/6
  1643 | D:1      | Found a faded altar of an unknown god.
  1656 | D:1      | Found a faded altar of an unknown god.
  2093 | D:$      | Got out of the dungeon alive.

Illustrated notes

Levels and vault maps discovered:
D:1:      eino_arrival_water_star, layout_loops_corners,
          hellmonk_ecumenical_altar_the_god_not_taken, minmay_door_square
D:2:      layout_basic, uniq_terence, uniq_natasha, uniq_crazy_yiuf_cottage

Skill      XL: |  1  2 |
---------------+-------+-----
Transmutations | 1 |  1.0
Dodging        | 2 |  2.0
Stealth        | 2 |  2.0
Fighting       | 1 |  1.3
Earth Magic    | 3 |  3.1
Spellcasting   | |  2.5

Action                   || total
-------------------------++-------
Melee: Short sword       ||    73
       Punch             ||     2
 Cast: Sandblast         ||    19
 Stab: Sleeping          ||     7
Armor: Robe              ||    16
Dodge: Dodged            ||    40
